 Seeded DCSS version 0.30-a0-718-geaa24f58ff (webtiles) character file.

Game seed: 6200917008125671504 (custom seed)

133 voltaire321 the Insei (level 5, -6/34 HPs)
             Began as an Octopode Transmuter on Jan 25, 2023.
             Mangled by an orc
             ... wielding a +2 heavy flail
              (12 damage)
             ... on level 3 of the Dungeon.
             The game lasted 00:04:51 (1643 turns).

voltaire321 the Insei (Octopode Transmuter)         Turns: 1643, Time: 00:04:51

Health: -6/34      AC:  2    Str: 10    XL:     5   Next: 16%
Magic:  7/9        EV: 13    Int: 21    God:
Gold:   135        SH:  0    Dex: 14    Spells: 3/9 levels left

rFire   . . .      SeeInvis +    m - +9 spear "Umnubes" {elec, Fragile rN+ Will+ SInv}
rCold   . . .      Faith    .    (no shield)
rNeg    + . .      Spirit   .    h - +1 hat
rPois   .          Reflect  .    (no amulet)
rElec   .          Harm     .    b - +6 ring of intelligence
rCorr   .          Rampage  .    f - ring of wizardry
Will    +....                    (no ring)
Stlth   ++                       (no ring)
HPRegen 0.25/turn                (no ring)
MPRegen 0.11/turn                (no ring)
                                 (no ring)
                                 (no ring)

@: no status effects
A: almost no armour, amphibious, 8 rings, camouflage 1, gelatinous body 1,
(nimble swimmer 1), tentacles
a: no special abilities


You were on level 3 of the Dungeon.
You visited 1 branch of the dungeon, and saw 3 of its levels.

You collected 135 gold pieces.

Inventory:

Hand Weapons
 l - a +2 dagger of draining
 m - the +9 spear "Umnubes" (weapon) {elec, Fragile rN+ Will+ SInv}
   (You found it on level 2 of the Dungeon)

   rN:        It protects you from negative energy.
   SInv:      It lets you see invisible.
   Fragile:   It will be destroyed if unequipped.
   Will:      It increases your willpower.
Armour
 h - a +1 hat (worn)
Jewellery
 b - a +6 ring of intelligence (left tentacle)
 f - a ring of wizardry (right tentacle)
Scrolls
 c - a scroll of amnesia {unknown}
 g - a scroll of teleportation {unknown}
 j - a scroll of butterflies {unknown}
 k - a scroll of identify {unknown}
 n - a scroll of blinking {unknown}
Potions
 a - a potion of lignification
 e - 2 potions of curing {unknown}
 i - a potion of magic {unknown}


   Skills:
 + Level 2.3 Fighting
 + Level 2.7 Dodging
 + Level 3.6 Unarmed Combat
 + Level 2.6 Spellcasting
 + Level 2.8 Transmutations
 + Level 1.0 Poison Magic


You had 3 spell levels left.
You knew the following spells:

 Your Spells              Type           Power      Damage    Failure   Level
a - Beastly Appendage     Tmut           28%        N/A       1%          1
b - Wereblood             Tmut           14%        N/A       2%          2
c - Spider Form           Tmut/Pois      11%        N/A       8%          3

Your spell library contained the following spells:

 Spells                   Type           Power      Damage    Failure   Level
 Ice Form                 Ice/Tmut       8%         N/A       28%         4


Dungeon Overview and Level Annotations

Branches:
Dungeon (3/15)

Altars:
Xom


Innate Abilities, Weirdness & Mutations

You cannot wear most types of armour.
You are amphibious.
You can wear up to eight rings at the same time.
Your skin changes colour to match your surroundings (Stealth+).
Your rubbery body absorbs attacks. (AC +1, EV +1)
((You are camouflaged when in or above water. (Stealth+)))
You have tentacles for arms and can constrict up to eight enemies at once.


Message History

You puncture the jackal! Lightning courses through the jackal!
You kill the jackal!
You barely miss the jackal. Your grab misses the jackal.
Your squeeze misses the jackal. The jackal bites you.
* * * LOW HITPOINT WARNING * * *
Reach: m) +9 spear "Umnubes" {elec, Fragile rN+ Will+ SInv}
Press: ? - help, Dir - move target, f - orc priest
Aim: an orc priest, wielding a +0 short sword and wearing a +0 scale mail (about 27% to evade the +9 spear "Umnubes")
The jackal is in the way.
You barely miss the jackal. Your grab misses the jackal.
The jackal closely misses you.
The jackal bites you but does no damage.
Reach: m) +9 spear "Umnubes" {elec, Fragile rN+ Will+ SInv}
Press: ? - help, Dir - move target, f/p - orc priest
Aim: an orc priest, wielding a +0 short sword and wearing a +0 scale mail (about 27% to evade the +9 spear "Umnubes")
You reach to attack!
You hit the orc priest.
The orc priest is lightly wounded.
The jackal misses you. x2
Reach: m) +9 spear "Umnubes" {elec, Fragile rN+ Will+ SInv}
Press: ? - help, Dir - move target, f/p - orc priest
Aim: an orc priest, wielding a +0 short sword and wearing a +0 scale mail (lightly wounded, about 27% to evade the +9 spear "Umnubes")
The jackal is in the way.
You puncture the jackal! Lightning courses through the jackal!
You kill the jackal!
You barely miss the orc priest. Your grab misses the orc priest.
You squeeze the orc priest, but do no damage.
The orc priest is lightly wounded.
The orc priest hits you with a +0 short sword.
* * * LOW HITPOINT WARNING * * *
You puncture the orc priest!
Lightning courses through the orc priest!
You kill the orc priest!
Your life force feels restored.
Your Poison Magic skill increases to level 1!
You have reached level 5!
You feel stronger.
You hit the orc. Your grab misses the orc.
You tentacle-slap the orc, but do no damage.
The orc is moderately wounded.
The orc hits you with a +2 heavy flail!
You die...

.#.................# #.
#.....o###........# #.
+....o............## #.
#...###o..........##. #.
...#####.h#........##.####.
...........................
.......#.####....####....#.
......#o####....## ####.#.
#.... #lo@.....#.... #.#.
#.... ######...#....###.#.
#!....######...#........#.
####...........+......<<#.
########..(#....#####.
###### #...>..... #....#
#.###..... #....# #.# ###..
#....# #.#


You could see 2 orcs and a frilled lizard.

Vanquished Creatures
  A jelly (D:1)
  An orc priest (D:3)
  2 adders
  An orc (D:3)
  5 bats
  6 endoplasms
  8 giant cockroaches
  A goblin (D:2)
  3 hobgoblins
  7 jackals
  4 ball pythons
  2 frilled lizards (D:2)
  4 kobolds
  4 rats (D:1)
49 creatures vanquished.

Notes
Turn   | Place    | Note
-------+----------+-------------------------------------------
     0 | D:1      | voltaire321 the Octopode Transmuter began the quest for the
                  | Orb.
     0 | D:1      | Reached XP level 1. HP: 13/13 MP: 3/3
     1 | D:1      | Found a runed translucent door.
     3 | D:1      | Noticed a jelly
   150 | D:1      | Reached XP level 2. HP: 18/18 MP: 3/5
   552 | D:1      | Learned a level 2 spell: Wereblood
   561 | D:1      | Reached XP level 3. HP: 23/23 MP: 3/6
   566 | D:1      | Reached XP level 4. HP: 29/29 MP: 4/7
   601 | D:2      | Learned a level 3 spell: Spider Form
   978 | D:2      | Found a shimmering altar of Xom.
   983 | D:2      | Identified the +9 spear "Umnubes" {elec, Fragile rN+ Will+
                  | SInv}
  1643 | D:3      | Reached skill level 1 in Poison Magic
  1643 | D:3      | Reached XP level 5. HP: 6/34 MP: 7/9
  1643 | D:3      | Mangled by an orc

Illustrated notes

Levels and vault maps discovered:
D:1:      dpeg_arrival_caged_fury, layout_basic
D:2:      layout_basic, basic_altar
D:3:      layout_basic, lemuel_tele_altar

Skill      XL: |  1  2  3  4 |
---------------+-------------+-----
Fighting       | 2 |  2.3
Poison Magic   | 1 |  1.0
Dodging        | |  2.7
Unarmed Combat | |  3.6
Spellcasting   | |  2.6
Transmutations | |  2.8

Action                     |  1- 3 |  4- 6 || total
---------------------------+-------+-------++-------
  Melee: Falchion          |    31 |    30 ||    61
         Constrict         |    10 |    10 ||    20
         Tentacles         |     6 |     7 ||    13
         Unarmed           |     2 |       ||     2
         Kick              |     3 |     2 ||     5
         Punch             |     2 |     2 ||     4
         Spear             |       |    21 ||    21
   Cast: Beastly Appendage |     2 |     1 ||     3
         Wereblood         |     1 |       ||     1
   Stab: Sleeping          |     2 |     3 ||     5
         Distracted        |       |     1 ||     1
 Armour: Skin              |     2 |     8 ||    10
  Dodge: Dodged            |    27 |    33 ||    60

Table legend: (Time is in decaauts)
 A = Elapsed time spent in this place.
 B = Non-inter-level travel time spent in this place.
 C = Inter-level travel time spent in this place.
 D = Time resting spent in this place.
 E = Time spent auto-exploring this place.
 F = Levels seen in this place.
 G = Mean time per level.
                   A        B        C        D        E       F      G
               +--------+--------+--------+--------+--------+-----+--------+
         Total |   1661 |   1500 |    161 |     73 |   1092 |   3 |  553.7 |
       Dungeon |   1661 |   1500 |    161 |     73 |   1092 |   3 |  553.7 |
               +--------+--------+--------+--------+--------+-----+--------+

Top non-repeatable levels by time:
     D:2: 782 daAuts
     D:1: 652 daAuts
     D:3: 226 daAuts
